[Event "*** Titled Tuesday Blitz"]
[Site "Chess.com"]
[Date "2020.05.05"]
[Round "4"]
[White "anon219"]
[Black "Quaternitychess"]
[Result "0-1"]
[WhiteElo "2773"]
[BlackElo "2432"]
[TimeControl "180+1"]
[EndTime "10:40:17 PDT"]
[Termination "Quaternitychess won by checkmate"]

1. e4 e6 2. d4 d5 3. Nc3 Nf6 4. e5 Nfd7 5. Nce2 c5 6. c3 Nc6 7.
Nf3 Qb6 8. a3 cxd4 9. cxd4 f6 10.
exf6 Nxf6 11. Nc3 Bd6 12. Bd3 O-O 13. O-O Bd7 14. Re1 Rae8 15. h3 Re7 16. Be3 Be8 17. Qc2 Bh5 18. g4 Be8 19. Rad1 Kh8 20. Ne5 Nxd4 21. Bxd4 Qxd4 22. Bxh7 Qf4 23. Ng6+ Bxg6 24. Bxg6 Qh2+ 25. Kf1 Qxh3+ 26. Ke2 Qxg4+ 27. Kf1 Ng8 28. Re3 Bc5 29. Nxd5 exd5 30. Qxc5 Qxd1+ 31. Kg2 Rxe3 32. Qxf8 Qg4+ 33. Kf1 Qh3+ 34. Kg1 Re1# 0-1

[Event "*** Titled Tuesday Blitz"]
[Site "Chess.com"]
[Date "2020.05.05"]
[Round "4"]
[White "jonaszmb"]
[Black "Biranidun"]
[Result "0-1"]
[WhiteElo "2487"]
[BlackElo "2716"]
[TimeControl "180+1"]
[EndTime "10:40:17 PDT"]
[Termination "Biranidun won by resignation"]

1. d4 Nf6 2. c4 g6 3. Nf3 Bg7 4. g3 O-O 5. Bg2 d6 6. O-O Nc6 7. Nc3 a6 8. Qc2 Bf5 9. e4 Bg4 10. Be3 Nd7 11. Ne2 Bxf3 12. Bxf3 e5 13. dxe5 Ndxe5 14. Bg2 b5 15. cxb5 axb5 16. a4 Ra5 17.
Bd2 b4 18. f4 Rc5 19. Qb3 Nc4 20. Bxb4 Qb8 21. e5 Qxb4 22. Qxb4 Nxb4 23. Rfc1 Nxb2 24. a5 Rxc1+ 25. Rxc1 dxe5 26. Rxc7 exf4 27. Nxf4 N2d3 28. Nxd3 Nxd3 29. a6 Be5 30. Rb7 Nc5 31. a7 Nxb7 32. Bxb7 Bd4+ 0-1

[Event "*** Titled Tuesday Blitz"]
[Site "Chess.com"]
[Date "2020.05.05"]
[Round "4"]
[White "FedaMaster"]
[Black "penguingm1"]
[Result "0-1"]
[WhiteElo "2529"]
[BlackElo "2821"]
[TimeControl "180+1"]
[EndTime "10:40:18 PDT"]
[Termination "penguingm1 won by resignation"]

1. e4 e5 2. Nf3 Nc6 3. Bb5 g6 4. d4 exd4 5. Bxc6 dxc6 6. Qxd4 Qxd4 7. Nxd4 Bg7 8. Ne2 b6 9. Nbc3 Ba6 10. Bf4 O-O-O 11. f3 Ne7 12. Rd1 Rde8 13. Kf2 f5 14.
Nd4 fxe4 15. Nxe4 Nd5 16. Bg3 Kb7 17. Rhe1 Re7 18. c3 Rhe8 19. Kg1 Bc4 20. a3 c5 21. Nc2 Bb3 22. Rd2 Bh6 23. Rf2 Nf6 24. Na1 Bd5 25. Rfe2 Nxe4 26. fxe4 Bxe4 27. Nb3 Re6 28. Nd2 Bf5 29.
Rxe6 Bxe6 30. Rxe6 Rxe6 0-1

[Event "*** Titled Tuesday Blitz"]
[Site "Chess.com"]
[Date "2020.05.05"]
[Round "4"]
[White "anon132639"]
[Black "2nd_life"]
[Result "1-0"]
[WhiteElo "2632"]
[BlackElo "2424"]
[TimeControl "180+1"]
[EndTime "10:40:18 PDT"]
[Termination "anon132639 won by checkmate"]

1. d4 Nf6 2. Nf3 e6 3. c4 b6 4. g3 Ba6 5. Qc2 Bb4+ 6. Bd2 Qe7 7. Bg2 Bb7 8. O-O Bxd2 9. Nbxd2 d6 10. e4 Nbd7 11.
e5 dxe5 12. dxe5 Ng4 13. Rfe1 Qc5 14. Ne4 Bxe4 15. Rxe4 h5 16. Rd1 O-O-O 17. h3 Ngxe5 18. Nxe5 Nxe5 19. Rxd8+ Rxd8 20. b4 Qd6 21. Kh2 Qd3 22. Qb2 f6 23. c5 Qd2 24. Qb3 Qxf2 25. Qxe6+ Kb8 26. Rxe5 fxe5 27. Qc6 e4 28. Qxe4 c6 29. Qxc6 Qf7 30. cxb6 Qd7 31. Qa8# 1-0

[Event "*** Titled Tuesday Blitz"]
[Site "Chess.com"]
[Date "2020.05.05"]
[Round "4"]
[White "IAgrest"]
[Black "ezkybel"]
[Result "0-1"]
[WhiteElo "2246"]
[BlackElo "2446"]
[TimeControl "180+1"]
[EndTime "10:40:18 PDT"]
[Termination "ezkybel won on time"]

1. e4 e6 2. d4 d5 3. Nc3 Nf6 4. Bg5 dxe4 5. Nxe4 Be7 6. Bxf6 gxf6 7. Nf3 b6 8. Bd3 Bb7 9. Qe2 Nd7 10. O-O-O c6 11. Rhe1 Qc7 12. Kb1 O-O-O 13. Ba6 Kb8 14. Bxb7 Kxb7 15. Rd3 f5 16. Neg5 Bxg5 17. Nxg5 Nf6 18.
g3 h6 19. Nf3 Nd5 20. Ne5 h5 21. h4 Nb4 22. Rd2 Rd6 23. Red1 Nd5 24. Rd3 f4 25. c4 Nb4 26. Rb3 a5 27. gxf4 f6 28.
Nf3 Qh7+ 29. Rbd3 Rhd8 30. Ka1 Nxd3 31. Rxd3 c5 32. d5 exd5 33. Re3 R8d7 34. a3 dxc4 35. Ka2 Rd1 36. Re4 c3 37. bxc3 Qf7+ 38. c4 Qg6 0-1

[Event "*** Titled Tuesday Blitz"]
[Site "Chess.com"]
[Date "2020.05.05"]
[Round "4"]
[White "mbachez"]
[Black "pandamaster3000"]
[Result "1-0"]
[WhiteElo "2443"]
[BlackElo "2237"]
[TimeControl "180+1"]
[EndTime "10:40:18 PDT"]
[Termination "mbachez won by resignation"]

1. e4 c5 2. Nf3 d6 3. Bc4 e6 4. O-O Nf6 5. Qe2 Be7 6. c3 O-O 7. Bb3 d5 8. e5 Nfd7 9. d4 Nc6 10. Rd1 Rb8 11. Bf4 b5 12. dxc5 Nxc5 13. Bc2 a5 14.
Nd4 Qb6 15. Nd2 Ba6 16. Qh5 g6 17. Qh6 Rfc8 18. N2f3 Bf8 19. Qh4 Qd8 20. Bg5 Qe8 21. Bf6 b4 22. Nxc6 Rxc6 23. Nd4 Rcc8 24. Rac1 bxc3 25. bxc3 Nd7 26. Ba4 Rc4 27. Bb3 Rcc8 28. Re1 Nxf6 29. exf6 Bc4 30. Re3 a4 31. Rh3 h6 32.
Bc2 Bxa2 33. Rg3 Kh7 34. Nf3 Bb3 35. Ng5+ Kg8 36. Nxf7 Bxc2 37. Ne5 Bf5 38. f7+ Qxf7 39. Nxf7 Kxf7 40. Qxa4 Bd6 41. Rf3 Kg7 42. h3 Ra8 43. Qd7+ 1-0

[Event "*** Titled Tuesday Blitz"]
[Site "Chess.com"]
[Date "2020.05.05"]
[Round "4"]
[White "beatnoguera"]
[Black "ChadBiryani"]
[Result "1-0"]
[WhiteElo "1845"]
[BlackElo "2351"]
[TimeControl "180+1"]
[EndTime "10:40:18 PDT"]
[Termination "beatnoguera won by checkmate"]

1. e4 e5 2. Nf3 Nf6 3. Nc3 Nc6 4. Bc4 Bc5 5. d3 d6 6. Bg5 h6 7. Bh4 Be6 8. Nd5 Bxd5 9. Bxd5 Qe7 10. Bb3 O-O-O 11.
Qe2 g5 12. Bg3 Bb6 13. O-O-O Rhg8 14. c3 h5 15. h4 g4 16. Ng5 Rg7 17. Rhe1 Nd7 18.
Kb1 Nc5 19. Bd5 f6 20. b4 fxg5 21. bxc5 Bxc5 22. hxg5 Qxg5 23. Qb2 Bb6 24. Kc2 Rf8 25. Re2 h4 26. Bh2 Rxf2 27. Rxf2 Bxf2 28. Bg1 Bxg1 29. Rxg1 Qe3 30. Qc1 Qf2+ 31. Kb3 Qb6+ 32. Kc2 Ne7 33. Be6+ Kd8 34. Rf1 Ng6 35. Qg5+ Ke8 36.
Qf6 Qe3 37. Bf7+ Kf8 38. Bxg6+ Kg8 39. Qf8# 1-0

[Event "*** Titled Tuesday Blitz"]
[Site "Chess.com"]
[Date "2020.05.05"]
[Round "4"]
[White "tgpgoat"]
[Black "jlandaw"]
[Result "1-0"]
[WhiteElo "2086"]
[BlackElo "2367"]
[TimeControl "180+1"]
[EndTime "10:40:19 PDT"]
[Termination "tgpgoat won by resignation"]

1. e4 e5 2. Nf3 Nc6 3. Bc4 Bc5 4. c3 Nf6 5. d3 d6 6. h3 h6 7. Bb3 a6 8. O-O Ba7 9. Re1 O-O 10. Nbd2 d5 11.
exd5 Nxd5 12. Nxe5 Nxe5 13. Rxe5 Be3 14. Rxd5 Bxf2+ 15.
Kxf2 Qh4+ 16. Kg1 Bxh3 17. gxh3 Qg3+ 18. Kf1 Qxh3+ 19. Ke2 Kh8 20. Qf1 Qh2+ 21. Kd1 Rae8 22. Kc2 Re2 23. Rd7 f5 24. Qf3 f4 25. Qg4 Rg2 26. Qf3 Rg3 27. Qxb7 f3 28. Bd5 f2 29.
Kb3 Rxd3 30. Nf1 Qg1 31. Bxh6 gxh6 32. Qxc7 Qg6 33. Rh7+ Qxh7 34. Qxh7+ Kxh7 35. Be4+ Kg7 36. Bxd3 h5 37. Kc2 h4 38. Nh2 Kh6 39. Rf1 Kg5 40. Bxa6 h3 41. Be2 Kh4 42. Ng4 Kg3 43. Rxf2 Rxf2 44. Nxf2 Kxf2 45. Ba6 1-0

[Event "*** Titled Tuesday Blitz"]
[Site "Chess.com"]
[Date "2020.05.05"]
[Round "4"]
[White "GM4life"]
[Black "ShahMatKanal"]
[Result "0-1"]
[WhiteElo "2161"]
[BlackElo "2406"]
[TimeControl "180+1"]
[EndTime "10:40:20 PDT"]
[Termination "ShahMatKanal won by resignation"]

1. e4 c5 2. Nf3 d6 3. d4 Nf6 4. Nc3 cxd4 5. Nxd4 a6 6. Be3 e6 7. g4 Be7 8. g5 Nfd7 9. h4 Nc6 10.
Nb3 b5 11. Qd2 Bb7 12. a3 Nb6 13. O-O-O Ne5 14. Na5 Rb8 15. f4 Nec4 16. Nxc4 Nxc4 17. Bxc4 bxc4 18. Rhe1 Qa5 19. f5 d5 20. exd5 Bxa3 21.
Nb1 Bxb2+ 22. Kxb2 c3+ 23. Qxc3 Bxd5+ 24. Kc1 Rxb1+ 25.
Kxb1 Qxc3 26. Bd4 Qb4+ 27. Bb2 O-O 28. fxe6 Rb8 29. exf7+ Kxf7 30. Rf1+ Kg6 31. Kc1 Qxb2+ 32. Kd2 Qd4+ 33. Kc1 Qe3+ 34. Rd2 Qa3+ 35. Kd1 Rb1+ 36. Ke2 Bc4+ 37. Kf2 Rxf1+ 38. Kg2 0-1

[Event "*** Titled Tuesday Blitz"]
[Site "Chess.com"]
[Date "2020.05.05"]
[Round "4"]
[White "MilanovicDan"]
[Black "BaMBoMaTTo"]
[Result "1-0"]
[WhiteElo "2493"]
[BlackElo "2664"]
[TimeControl "180+1"]
[EndTime "10:40:21 PDT"]
[Termination "MilanovicDan won by resignation"]

1. d4 Nf6 2. c4 e6 3. Nc3 Bb4 4.
e3 O-O 5. Bd3 d5 6. cxd5 exd5 7.
Ne2 Re8 8. O-O Bd6 9. f3 c5 10.
Bd2 Nc6 11. Qe1 cxd4 12. exd4 Nxd4 13. Qf2 Nxe2+ 14. Nxe2 Be6 15. Kh1 Nd7 16. Rad1 Ne5 17. Bb1 Nc4 18. Bc3 Qg5 19. f4 Qh6 20. Nd4 Bg4 21. Rd3 Bc5 22. Rg3 Re2 23. Qg1 Bd7 24.
Bd3 Ree8 25. Qf2 Qb6 26. f5 Nd6 27. Rxg7+ Kh8 28. Qh4 Kxg7 29. Ne6+ 1-0

[Event "*** Titled Tuesday Blitz"]
[Site "Chess.com"]
[Date "2020.05.05"]
[Round "4"]
[White "dennisodessa"]
[Black "nurgyulsalimova"]
[Result "0-1"]
[WhiteElo "2295"]
[BlackElo "2584"]
[TimeControl "180+1"]
[EndTime "10:40:22 PDT"]
[Termination "nurgyulsalimova won by resignation"]

1. d4 Nf6 2. c4 e6 3. Nc3 Bb4 4. Qc2 d5 5. a3 Bxc3+ 6. Qxc3 O-O 7. Bg5 dxc4 8. Qxc4 b6 9. e3 Ba6 10. Qc2 Bxf1 11. Kxf1 Nbd7 12. Nf3 c5 13. Ke2 Rc8 14. Qa4 cxd4 15. exd4 h6 16. Bh4 Qc7 17. Rhd1 Nd5 18. Bg3 Qb7 19. Kf1 N7f6 20. Rac1 Rxc1 21. Rxc1 Rc8 22. Rc4 Ng4 23. Ne5 Nge3+ 24. fxe3 Nxe3+ 25. Ke2 Nxc4 26. Nxc4 b5 27. Nd6 Qxg2+ 28. Ke3 bxa4 29. Nxc8 Qxb2 30. Ne7+ Kh7 31. Nc6 Qxa3+ 32. Ke4 Qb3 33.
Ne5 a3 34. Nd3 a2 35. Nc1 Qb1+ 36. Ke3 Qxc1+ 0-1

[Event "*** Titled Tuesday Blitz"]
[Site "Chess.com"]
[Date "2020.05.05"]
[Round "4"]
[White "manmanlai1"]
[Black "Vamostodorecto"]
[Result "1-0"]
[WhiteElo "2346"]
[BlackElo "2522"]
[TimeControl "180+1"]
[EndTime "10:40:22 PDT"]
[Termination "manmanlai1 won by checkmate"]

1. e4 e5 2. Nf3 Nc6 3. Bc4 Bc5 4.
O-O d6 5. c3 Bb6 6. a4 h6 7. b4 a6 8. Ba3 Qf6 9. b5 axb5 10.
axb5 Nd8 11. d4 Ra7 12. Nbd2 g5 13. Nb3 Ne6 14. Bb4 g4 15. Rxa7 Bxa7 16. dxe5 dxe5 17. Nfd2 h5 18. Qa1 Bb6 19. Qa8 Qd8 20. Bd5 h4 21. Nc4 Nf6 22. Nxb6 cxb6 23. Rd1 Nxd5 24. Rxd5 Qc7 25. Nd2 f6 26. g3 hxg3 27. hxg3 Kf7 28. Qa2 Kg6 29. Rd6 Qh7 30. Kf1 Qh1+ 31. Ke2 Nc5 32.
Bxc5 bxc5 33. Qc4 b6 34. Qd5 Rh5 35. Qg8+ Kh6 36. Rxf6# 1-0

[Event "*** Titled Tuesday Blitz"]
[Site "Chess.com"]
[Date "2020.05.05"]
[Round "4"]
[White "hongnhung1234"]
[Black "Noam_Vitenberg"]
[Result "1-0"]
[WhiteElo "2234"]
[BlackElo "2484"]
[TimeControl "180+1"]
[EndTime "10:40:22 PDT"]
[Termination "hongnhung1234 won by resignation"]

1. e4 e5 2. Nf3 Nc6 3. d4 exd4 4. Nxd4 Nf6 5. Nc3 Bb4 6. Nxc6 bxc6 7. Bd3 d5 8. exd5 O-O 9. O-O Bg4 10. f3 Bh5 11.
Be3 Re8 12. Bf2 cxd5 13. Bb5 Re6 14. a3 Bd6 15. Bc6 Bxh2+ 16. Kxh2 Rxc6 17. Qd4 Rc4 18. Qe5 Qd7 19. Rfe1 d4 20. Ne4 Rxc2 21. Nxf6+ gxf6 22. Qxh5 Rxf2 23. Re4 f5 24. Qg5+ Kh8 25. Qf6+ Kg8 26.
Rxd4 Qe6 27. Qg5+ Qg6 28. Rd8+ Kg7 29. Qxg6+ hxg6 30. Rxa8 Rxb2 31. Rxa7 c5 32. Rc1 g5 33.
Rxc5 Kg6 34. Raa5 g4 35. fxg4 f4 36. Rf5 Rf2 37. Kg1 1-0

[Event "*** Titled Tuesday Blitz"]
[Site "Chess.com"]
[Date "2020.05.05"]
[Round "4"]
[White "Mikhail_Golubev"]
[Black "AnonymusDonkey"]
[Result "1-0"]
[WhiteElo "2522"]
[BlackElo "2311"]
[TimeControl "180+1"]
[EndTime "10:40:22 PDT"]
[Termination "Mikhail_Golubev won by resignation"]

1. e4 c5 2. Nf3 d6 3. d4 cxd4 4. Nxd4 Nf6 5. Nc3 a6 6. Bc4 e6 7. Bb3 Nbd7 8. f4 Nc5 9. Qf3 b5 10. f5 e5 11. Nc6 Qc7 12. Nd5 Nxd5 13. Bxd5 Bb7 14. Nb4 Be7 15. Bxb7 Qxb7 16. Nd5 Nd7 17. Be3 Rc8 18. O-O-O Nf6 19. Kb1 Rc4 20. b3 Rxe4 21.
Nxf6+ gxf6 22. Rhe1 d5 23. Qg3 d4 24. Qg7 Rf8 25.
Bh6 Rxe1 26. Rxe1 Qxg2 27. Qxg2 1-0

[Event "*** Titled Tuesday Blitz"]
[Site "Chess.com"]
[Date "2020.05.05"]
[Round "4"]
[White "bancsoo"]
[Black "Korona_91"]
[Result "1-0"]
[WhiteElo "2735"]
[BlackElo "2437"]
[TimeControl "180+1"]
[EndTime "10:40:24 PDT"]
[Termination "bancsoo won by resignation"]

1. d4 g6 2. g3 d6 3. Bg2 Bg7 4. Nf3 Nd7 5. O-O e5 6. c4 Ne7 7. Nc3 O-O 8. e4 exd4 9. Nxd4 Nc6 10. Nde2 Nde5 11. b3 a5 12. Be3 a4 13. Rc1 axb3 14. axb3 Nb4 15. Nd5 Nbd3 16. Rc2 Nc5 17. Rd2 Ncd7 18.
h3 f6 19. f4 Nf7 20. b4 Ra3 21. Bf2 c6 22. Ne3 Qe7 23. Qc1 Ra4 24. Qb2 c5 25.
bxc5 Nxc5 26. Nd5 Qe6 27. Nd4 Qe8 28. Qc2 Be6 29. Rb1 Bxd5 30. cxd5 Qd7 31. Ne6 Rfa8 32. Bxc5 dxc5 33. Nxc5 Qe8 34. Nxa4 Rxa4 35. Rxb7 g5 36. d6 gxf4 37. d7 Qd8 38. Qxa4 fxg3 39. Qb3 Bf8 40. Rb8 Qc7 41. d8=Q 1-0

[Event "*** Titled Tuesday Blitz"]
[Site "Chess.com"]
[Date "2020.05.05"]
[Round "4"]
[White "Andreikka"]
[Black "stoleriu"]
[Result "1-0"]
[WhiteElo "2951"]
[BlackElo "2561"]
[TimeControl "180+1"]
[EndTime "10:40:25 PDT"]
[Termination "Andreikka won by resignation"]

1. c4 e5 2. Nc3 Nc6 3. Nf3 Nf6 4. e4 Bc5 5. Nxe5 Nxe5 6. d4 Bxd4 7. Qxd4 d6 8. Bg5 h6 9. Bh4 g5 10. Bg3 Be6 11. Bxe5 dxe5 12. Qxe5 c6 13. Be2 Qe7 14. O-O-O O-O 15. h4 g4 16. Qf4 Kh7 17. e5 Ng8 18.
Bd3+ Kh8 19. Ne4 Kg7 20. Ng3 Rad8 21. Qe4 f5 22. exf6+ Nxf6 23. Qg6+ Kh8 24. Qxh6+ Kg8 25. Rhe1 Qf7 26. Qg5+ Kh8 27. Bg6 Rxd1+ 28. Rxd1 Qe7 29.
Re1 Qb4 30. Rxe6 Qxc4+ 31. Bc2 Qxe6 32. Qh6+ Kg8 33. Bb3 Kf7 1-0

[Event "*** Titled Tuesday Blitz"]
[Site "Chess.com"]
[Date "2020.05.05"]
[Round "4"]
[White "AustrianFalcon"]
[Black "Chepaschess"]
[Result "0-1"]
[WhiteElo "2497"]
[BlackElo "2736"]
[TimeControl "180+1"]
[EndTime "10:40:25 PDT"]
[Termination "Chepaschess won by resignation"]

1. d4 Nf6 2. c4 g6 3. Nc3 d5 4.
cxd5 Nxd5 5. e4 Nxc3 6. bxc3 Bg7 7. Nf3 c5 8. h3 O-O 9. Be2 cxd4 10. cxd4 Nc6 11.
Be3 f5 12. O-O f4 13. Bc4+ Kh8 14. Bd2 Nxd4 15. Bc3 Nxf3+ 16. Qxf3 Bd7 17. Rad1 Qc7 18. Bxg7+ Kxg7 19. Qc3+ Kh6 20. Qd4 Rad8 21. Bd5 e6 22. g4 exd5 23. g5+ Kxg5 24. Qg7 dxe4 25. h4+ Kg4 26. Rd5 Rf5 27. Rxf5 Kxf5 28. Qf7+ Kg4 29. Qe7 Qa5 30. Rd1 Kf3 31. Rxd7 Rxd7 32. Qxd7 Qe1+ 0-1

[Event "*** Titled Tuesday Blitz"]
[Site "Chess.com"]
[Date "2020.05.05"]
[Round "4"]
[White "farzadbfd"]
[Black "Maksimus1998"]
[Result "1-0"]
[WhiteElo "2663"]
[BlackElo "2470"]
[TimeControl "180+1"]
[EndTime "10:40:25 PDT"]
[Termination "farzadbfd won by resignation"]

1. e4 c6 2. d4 d5 3. exd5 cxd5 4. Bd3 Nc6 5. c3 Qc7 6. Ne2 Bg4 7. O-O e6 8. f3 Bh5 9. Bf4 Bd6 10. Bxd6 Qxd6 11.
Na3 Bg6 12. Nb5 Qd7 13. a4 Nf6 14. Nf4 O-O 15. Bxg6 hxg6 16. Nd3 a6 17. Na3 b6 18.
Nc2 Qc7 19. Ne3 Rfe8 20. f4 Ne4 21. Ne5 Nxe5 22. fxe5 b5 23. Qd3 Qb7 24. axb5 axb5 25.
Nc2 Qd7 26. Nb4 Reb8 27. Rae1 Qe7 28. Re3 Qg5 29. Ref3 Rb7 30. Rf4 f5 31. exf6 gxf6 32. Qh3 Kg7 33. Qxe6 Rh8 34. Nxd5 Nd2 35. R1f2 Qh5 36. h3 1-0

[Event "*** Titled Tuesday Blitz"]
[Site "Chess.com"]
[Date "2020.05.05"]
[Round "4"]
[White "etesungam"]
[Black "Ashedu66"]
[Result "1/2-1/2"]
[WhiteElo "2380"]
[BlackElo "2159"]
[TimeControl "180+1"]
[EndTime "10:40:25 PDT"]
[Termination "Game drawn by agreement"]

1. d4 d5 2. Nf3 Nf6 3. c4 c6 4.
Nc3 e6 5. Bg5 Nbd7 6. e3 Qa5 7.
Bd3 dxc4 8. Bxc4 Ne4 9. Bf4 Nxc3 10. bxc3 Qxc3+ 11. Nd2 Bb4 12. Rc1 Qxd2+ 13. Qxd2 Bxd2+ 14. Kxd2 Ke7 15. a4 Nb6 16. Bb3 Nd5 17. Bg3 Bd7 18.
e4 Nb4 19. Kc3 a5 20. Bc7 Rhc8 21. Bxa5 Rxa5 22. Kxb4 Rca8 23. Rc5 b6 24. Rxa5 Rxa5 25. Rc1 Ra7 26. f4 f6 27. g4 e5 28. fxe5 fxe5 29. dxe5 c5+ 30. Ka3 Bxa4 31. Bxa4 b5 32. Rxc5 Rxa4+ 33. Kb3 Rxe4 34. h3 Re3+ 35. Kb4 Rxh3 36. Kxb5 Ke6 37.
g5 Re3 38. g6 hxg6 39. Rc6+ Kxe5 40. Rxg6 Kf5 41. Rxg7 Rc3 1/2-1/2

[Event "*** Titled Tuesday Blitz"]
[Site "Chess.com"]
[Date "2020.05.05"]
[Round "4"]
[White "Everyfishknows"]
[Black "DACF2905"]
[Result "1-0"]
[WhiteElo "2412"]
[BlackElo "2180"]
[TimeControl "180+1"]
[EndTime "10:40:26 PDT"]
[Termination "Everyfishknows won by resignation"]

1. d4 Nf6 2. c4 e6 3. Nc3 Bb4 4. e3 O-O 5. Bd3 d5 6. Ne2 b6 7. O-O Bb7 8. a3 Be7 9. b4 c5 10.
cxd5 cxb4 11. axb4 exd5 12. b5 Nbd7 13. Ba3 Bxa3 14. Rxa3 Qe7 15. Qa1 Ng4 16. Nf4 Qh4 17. h3 Ndf6 18. hxg4 Nxg4 19. Nh3 Rae8 20. Rxa7 Bc8 21.
Nxd5 Nxe3 22. Nxe3 Bxh3 23. Qd1 Re6 24. Qf3 Qxd4 25.
Bc4 Rh6 26. Qxf7+ Rxf7 27. Ra8+ 1-0

[Event "*** Titled Tuesday Blitz"]
[Site "Chess.com"]
[Date "2020.05.05"]
[Round "4"]
[White "larisakalinina"]
[Black "AsaHoffmann"]
[Result "0-1"]
[WhiteElo "2042"]
[BlackElo "2377"]
[TimeControl "180+1"]
[EndTime "10:40:26 PDT"]
[Termination "AsaHoffmann won on time"]

1. e4 d6 2. d4 Nf6 3. Nc3 c6 4. f4 Qa5 5. Bd3 e5 6. Nf3 exd4 7. Nxd4 Qb6 8. Nf3 Be7 9. e5 Nd5 10. Nxd5 cxd5 11. exd6 Bxd6 12. Qe2+ Kd8 13. Ne5 Bxe5 14. fxe5 Be6 15. c3 Nc6 16. Bg5+ Kd7 17. O-O-O Rac8 18. Kb1 Kc7 19. g4 Kb8 20. Bf5 Na5 21. Be3 Qc6 22. Qf2 b6 23. h3 Nc4 24. Bd4 Qb5 25. Ka1 Rc6 26. Bd3 Qa5 27. b3 Na3 28. Qd2 Rhc8 29. Rhf1 Nb5 30. Bxb5 Qxb5 31. Rfe1 a5 32.
Qe2 Qxe2 33. Rxe2 Kb7 34. Kb2 b5 35. Rc2 h5 36. gxh5 Bxh3 37. Rh1 Bf5 38. Rf2 Be4 39. Rh3 R8c7 40. Rh4 b4 0-1

[Event "*** Titled Tuesday Blitz"]
[Site "Chess.com"]
[Date "2020.05.05"]
[Round "4"]
[White "pgradalski"]
[Black "QueenOfTactics90"]
[Result "1-0"]
[WhiteElo "2210"]
[BlackElo "1993"]
[TimeControl "180+1"]
[EndTime "10:40:26 PDT"]
[Termination "pgradalski won by resignation"]

1. e4 c5 2. c3 Nf6 3. e5 Nd5 4. d4 cxd4 5. Nf3 Nc6 6. cxd4 e6 7. Nc3 Nb6 8. Bd3 d5 9. exd6 Bxd6 10. O-O O-O 11.
Ne4 Be7 12. Be3 Nd5 13. Rc1 Ncb4 14. Bb1 f5 15. Nc5 b6 16. Nd3 Ba6 17. Re1 Rc8 18.
Nxb4 Bxb4 19. Bd2 Bxd2 20. Qxd2 Qd6 21. Ne5 Rxc1 22. Rxc1 Rc8 23. Re1 Re8 24. a3 Nf6 25. Ba2 Bc8 26. Rc1 Ne4 27. Qe3 Rd8 28. f3 Nf6 29.
Rc6 Qxd4 30. Qxd4 Rxd4 31. Rxc8+ 1-0

[Event "*** Titled Tuesday Blitz"]
[Site "Chess.com"]
[Date "2020.05.05"]
[Round "4"]
[White "albi1999"]
[Black "Ceejay271"]
[Result "1-0"]
[WhiteElo "2604"]
[BlackElo "2370"]
[TimeControl "180+1"]
[EndTime "10:40:28 PDT"]
[Termination "albi1999 won by resignation"]

1. d4 Nf6 2. c4 e6 3. Nf3 d5 4. g3 Bb4+ 5. Bd2 Be7 6. Bg2 O-O 7. Qc2 Nbd7 8. O-O Ne4 9. Nc3 Nxd2 10. Nxd2 c6 11.
Rfd1 Rb8 12. e4 dxc4 13. Nxc4 b5 14. Ne3 Bb7 15. Rac1 a6 16. a3 Rc8 17. d5 cxd5 18. exd5 exd5 19. Nexd5 Bxd5 20. Bxd5 Qc7 21. Be4 Nf6 22.
Bf3 Rfd8 23. Qe2 Rxd1+ 24. Rxd1 Rd8 25. Rxd8+ Qxd8 26. Bb7 b4 27. axb4 Bxb4 28. Bxa6 h6 29. Bc4 Qd4 30. Qd3 Bxc3 31. bxc3 Qxd3 32. Bxd3 Kf8 33.
f3 Nd5 34. c4 Nb4 35. Be4 Ke7 36. Kf2 Kd6 37. Ke3 Kc5 38. Bd3 Nc6 39. Ke4 Nd4 40. f4 Ne6 41. Ke5 Nd4 42. Ke4 Ne6 43. Bf1 Nd4 44. g4 Ne6 45. h4 Nd4 46. h5 Ne6 47. Ke5 Kc6 48. Bg2+ Kc5 49. Bd5 Nd8 50. g5 1-0

[Event "*** Titled Tuesday Blitz"]
[Site "Chess.com"]
[Date "2020.05.05"]
[Round "4"]
[White "Aleksandar-Topalov"]
[Black "Konovalova_Vera"]
[Result "1-0"]
[WhiteElo "2394"]
[BlackElo "2108"]
[TimeControl "180+1"]
[EndTime "10:40:28 PDT"]
[Termination "Aleksandar-Topalov won by resignation"]

1. b3 Nf6 2. Bb2 e6 3. Nf3 d5 4. e3 Bd6 5. d4 c5 6. Nbd2 Nc6 7. Bd3 O-O 8. a3 Re8 9. Ne5 cxd4 10. exd4 Qc7 11.
Qe2 h6 12. O-O Bxe5 13. dxe5 Nd7 14. f4 Qb6+ 15. Kh1 Nc5 16. Nf3 Nxd3 17. Qxd3 Bd7 18. Qd2 Ne7 19. Nd4 Bb5 20. Rf2 Rac8 21. Re1 Bd7 22. h3 Nf5 23. Nxf5 exf5 24. Bd4 Qc6 25.
Rg1 b6 26. Kh2 Qg6 27. Qe2 Qc6 28. g4 fxg4 29. hxg4 f6 30. Qd3 fxe5 31. Bxe5 Rcd8 32. g5 h5 33. g6 Bg4 34. Rxg4 hxg4 35. Qf5 Qe6 36.
Qh5 Kf8 37. Qh8+ Qg8 38. Qh4 Rxe5 39. fxe5+ Ke8 40. Rf7 Rd7 41. e6 Rxf7 42. exf7+ 1-0

[Event "*** Titled Tuesday Blitz"]
[Site "Chess.com"]
[Date "2020.05.05"]
[Round "4"]
[White "hansen"]
[Black "maciek_92"]
[Result "0-1"]
[WhiteElo "2941"]
[BlackElo "2724"]
[TimeControl "180+1"]
[EndTime "10:40:29 PDT"]
[Termination "maciek_92 won on time"]

1. e4 c5 2. Nf3 e6 3. d4 cxd4 4. Nxd4 Nc6 5. Nc3 a6 6. Nxc6 bxc6 7. Bd3 d5 8. O-O Nf6 9. Re1 Be7 10. Qf3 Bb7 11. Qg3 Kf8 12. Bd2 h5 13. Rad1 h4 14. Qh3 Nd7 15. Na4 e5 16. exd5 cxd5 17. Ba5 Qe8 18. Bf5 Bc6 19. Nc3 d4 20. Nd5 Bxd5 21. Bxd7 Qb8 22. c3 Rh6 23. cxd4 e4 24. Qf5 Qb7 25. Re3 g6 26. Qh3 Kg7 27. Bc3 f5 28. Ba4 Rf8 29. Ree1 g5 30. Qe3 f4 31. Qc1 g4 32. Bb3 g3 0-1

[Event "*** Titled Tuesday Blitz"]
[Site "Chess.com"]
[Date "2020.05.05"]
[Round "4"]
[White "OparinGrigoriy"]
[Black "Skatchkov_V"]
[Result "1-0"]
[WhiteElo "2923"]
[BlackElo "2552"]
[TimeControl "180+1"]
[EndTime "10:40:29 PDT"]
[Termination "OparinGrigoriy won by resignation"]

1. Nf3 Nf6 2. g3 e6 3. Bg2 d5 4.
c4 Be7 5. d4 O-O 6. Nc3 dxc4 7.
Ne5 Nc6 8. Bxc6 bxc6 9. Nxc6 Qe8 10. Nxe7+ Qxe7 11. Qa4 e5 12. dxe5 Qxe5 13. Qxc4 Bb7 14. O-O Rfe8 15. f3 Nd5 16. e4 Nxc3 17. Qxc3 Qxc3 18.
bxc3 Rad8 19. Bf4 Rd3 20. Rac1 Ba6 21. Kf2 Rb8 22. Rc2 Rxf3+ 23. Kxf3 Bxf1 24. Bxc7 Re8 25. Rd2 Bc4 26. e5 Rc8 27. Bd6 g6 28. Be7 a6 29.
Bf6 Kf8 30. Kf4 h6 31. a3 Be6 32. Rd3 Bf5 33. Rd6 Be6 34. Ke4 a5 35. h4 a4 36. Kd4 h5 37. Rb6 Ke8 38. Rb4 Bb3 39. c4 Kd7 40. c5 Kc7 41. Rb6 Rb8 42. Ra6 Kb7 43. Rd6 Kc7 44. Ra6 Kb7 45. Ra5 Kc7 46. e6 Bxe6 47. Be5+ 1-0

[Event "*** Titled Tuesday Blitz"]
[Site "Chess.com"]
[Date "2020.05.05"]
[Round "4"]
[White "joksijoksi"]
[Black "S-Fazulyanov"]
[Result "0-1"]
[WhiteElo "2332"]
[BlackElo "2563"]
[TimeControl "180+1"]
[EndTime "10:40:29 PDT"]
[Termination "S-Fazulyanov won on time"]

1. d4 d5 2. c4 c6 3. Nf3 Nf6 4. Qc2 a6 5. g3 g6 6. Bg2 Bg7 7. O-O O-O 8. Nbd2 b5 9. b3 Bf5 10. Qd1 Nbd7 11. c5 Ne4 12. Bb2 Ndxc5 13. Nh4 Nxd2 14. Nxf5 gxf5 15. Qxd2 Ne4 16. Qc2 Rc8 17. f3 Nd6 18. Rad1 Qd7 19. Rfe1 Qe6 20. e4 fxe4 21. fxe4 Nxe4 22. Bxe4 dxe4 23. Rxe4 Qg6 24. Qg2 e6 25. h3 h5 26. Rde1 Rfd8 27. Kh2 Rd5 28. Rf4 c5 29. dxc5 Rcxc5 30. Re2 Bxb2 31. Rxb2 Rf5 32. Rd4 Kh7 33. Rbd2 Rc1 34. Rd1 Rfc5 35. R1d2 Re1 36. Qf2 Rcc1 0-1

[Event "*** Titled Tuesday Blitz"]
[Site "Chess.com"]
[Date "2020.05.05"]
[Round "4"]
[White "ajdemipopushi"]
[Black "Alohamora11"]
[Result "1/2-1/2"]
[WhiteElo "2282"]
[BlackElo "2502"]
[TimeControl "180+1"]
[EndTime "10:40:30 PDT"]
[Termination "Game drawn by repetition"]

1. Nf3 c5 2. g3 g6 3. Bg2 Bg7 4. c4 Nc6 5. O-O e6 6. Nc3 Nge7 7. e3 O-O 8. d4 cxd4 9. Nxd4 Nxd4 10. exd4 d5 11. cxd5 Nxd5 12. Qb3 Bxd4 13. Bh6 Bg7 14. Bxg7 Kxg7 15. Nxd5 exd5 16. Bxd5 Qf6 17. Rfc1 Bh3 18. Rc7 Rae8 19. Rxb7 Re2 20. Qc3 Qxc3 21. bxc3 Rfe8 22. Rxf7+ Kh6 23. f4 Rd2 24. c4 Ree2 25. Rxa7 Bg2 26. Bg8 Bb7 27. Rxb7 Rg2+ 28. Kh1 Rxh2+ 29. Kg1 Rhg2+ 30.
Kh1 Rh2+ 31. Kg1 Rhg2+ 32. Kh1 Rh2+ 1/2-1/2